 Dungeon Crawl Stone Soup version 0.30-a0-924-g0ad0bf95bc (webtiles) character file.

Game seed: 12603693103667482354

80388 deadpool521 the Severer (level 15, -8/145 HPs)
             Began as a Minotaur Fighter on Mar 21, 2023.
             Was the Champion of Okawaru.
             Killed by the raging water
             ... invoked by a water nymph
              (21 damage)
             ... on level 1 of the Shoals on Mar 22, 2023.
             The game lasted 01:14:34 (21083 turns).

deadpool521 the Severer (Minotaur Fighter)         Turns: 21083, Time: 01:14:35

Health: -8/145     AC: 29    Str: 26    XL:     15   Next: 23%
Magic:  14/14      EV: 12    Int:  7    God:    Okawaru [******]
Gold:   1648       SH: 15    Dex: 12    Spells: 14/14 levels left

rFire   + + .      SeeInvis .    P - +7 broad axe "Qoregyon" {drain, +Blink}
rCold   . . .      Faith    .    h - +2 kite shield
rNeg    + . .      Spirit   .    f - +0 plate armour of Taoclo {rF++ rCorr Int+2}
rPois   +          Reflect  .    (helmet restricted)
rElec   .          Rampage  .    n - +1 cloak
rCorr   +                        k - +2 pair of gloves {hurl}
Will    ++...                    p - +0 pair of boots Stlth
                                 l - amulet of Xualac {rN+ Will+ Regen+}
HPRegen 1.24/turn                M - +4 ring of protection
MPRegen 0.14/turn                r - +5 ring of evasion

@: studying Axes, very slow
A: horns 2, retaliatory headbutt, poison resistance, wild magic 1, no potion
heal 1
a: Renounce Religion, Evoke Blink, Heroism, Finesse, Duel


You were on level 1 of the Shoals.
You worshipped Okawaru.
Okawaru was exalted by your worship.
You visited 7 branches of the dungeon, and saw 24 of its levels.
You also visited: Sewer, Ossuary and Ice Cave.

You collected 2256 gold pieces.
You spent 608 gold pieces at shops.

Inventory:

Hand Weapons
 e - the +11 plutonium sword {Contam Stlth-}
   (You found it on level 14 of the Dungeon)

   Contam:    It causes magical contamination when unequipped.
   Stlth:     It makes you less stealthy.
 P - the +7 broad axe "Qoregyon" (weapon) {drain, +Blink}
   (You found it on level 7 of the Dungeon)

   +Blink:    It lets you blink.
 W - the +10 hand crossbow "Elaaf" {penet, Int+5}
   (Okawaru gifted it to you on level 10 of the Dungeon)

   Int:       It affects your intelligence (+5).
Missiles
 g - 14 javelins
 j - 2 throwing nets
 t - 6 atropa-tipped darts
 G - 47 poisoned darts
 L - 24 boomerangs
 O - a curare-tipped dart
 R - 3 boomerangs of dispersal
Armour
 f - the +0 plate armour of Taoclo (worn) {rF++ rCorr Int+2}
   (You found it on level 14 of the Dungeon)

   Int:       It affects your intelligence (+2).
   rF:        It greatly protects you from fire.
   rCorr:     It protects you from acid and corrosion.
 h - a +2 kite shield (worn)
 k - a +2 pair of gloves of hurling (worn)
 n - a +1 cloak (worn)
 p - a +0 pair of boots (worn)
Magical Staves
 y - a staff of fire
Jewellery
 l - the amulet of Xualac (around neck) {rN+ Will+ Regen+}
   (You bought it in a shop on level 1 of the Orcish Mines)

   [amulet of regeneration]

   rN:        It protects you from negative energy.
   Regen:     It increases your rate of health regeneration.
   Will:      It increases your willpower.
 r - a +5 ring of evasion (right hand)
 w - a ring of flight
 M - a +4 ring of protection (left hand)
Wands
 a - a wand of iceblast (16)
 s - a wand of polymorph (1) (quivered)
 B - a wand of paralysis (20)
 E - a wand of quicksilver (8)
 S - a wand of flame (37)
 T - a wand of digging (5)
 V - a wand of mindburst (6)
Scrolls
 i - 2 scrolls of fear
 q - a scroll of brand weapon
 u - a scroll of summoning
 v - a scroll of magic mapping
 x - 6 scrolls of enchant armour
 z - a scroll of acquirement
 A - 3 scrolls of poison
 C - 8 scrolls of identify
 H - 9 scrolls of teleportation
 Y - 3 scrolls of enchant weapon
Potions
 c - 2 potions of berserk rage
 d - 4 potions of might
 m - 3 potions of ambrosia
 o - 3 potions of flight
 D - 4 potions of brilliance
 F - 2 potions of magic
 I - 2 potions of heal wounds
 J - 5 potions of cancellation
 K - 3 potions of haste
 N - 3 potions of invisibility
 U - 3 potions of mutation
 X - a potion of resistance
 Z - 4 potions of curing
Miscellaneous
 b - a piece from Xom's chessboard (15/15)
 Q - a piece from Xom's chessboard (15/15)


   Skills:
 + Level 16.7 Fighting
 - Level 18.0 Axes
 + Level 16.8 Armour
 + Level 16.7 Shields


You had 14 spell levels left.
You didn't know any spells.
Your spell library contained the following spells:

 Spells                   Type           Power      Damage    Failure   Level
 Magic Dart               Conj           0%         1d3       99%         1
 Slow                     Hex            0%         N/A       99%         1
 Sting                    Tmut/Pois      0%         1d3       99%         1
 Ensorcelled Hibernation  Hex/Ice        0%         N/A       100%        2
 Passwall                 Tmut/Erth      0%         N/A       100%        2
 Poisonous Vapours        Pois/Air       0%         N/A       100%        2
 Scorch                   Fire           0%         2d5       100%        2
 Confusing Touch          Hex            0%         N/A       100%        3
 Mephitic Cloud           Conj/Pois/Air  0%         N/A       100%        3
 Swiftness                Air            0%         N/A       100%        3
 Vampiric Draining        Necr           0%         2d6       100%        3
 Airstrike                Air            0%         2d(0-16)  100%        4
 Flame Wave               Conj/Fire      0%         2d4       100%        4
 Ice Form                 Ice/Tmut       0%         N/A       100%        4
 Manifold Assault         Tloc           0%         N/A       100%        4
 Olgreb's Toxic Radiance  Pois           0%         N/A       100%        4
 Petrify                  Tmut/Erth      0%         N/A       100%        4
 Blade Hands              Tmut           0%         N/A       100%        5
 Plasma Beam              Fire/Air       0%         2x1d11    100%        5
 Dispersal                Tloc           0%         N/A       100%        6
 Statue Form              Tmut/Erth      0%         N/A       100%        6
 Disjunction              Tloc           0%         N/A       100%        8
 Call Imp                 Summ           Unusable   N/A       N/A         2
 Summon Lightning Spire   Summ/Air       Unusable   N/A       N/A         4
 Summon Cactus Giant      Summ           Unusable   N/A       N/A         6

Dungeon Overview and Level Annotations

Branches:
Dungeon (15/15)            Temple (1/1) D:5            Lair (3/5) D:9
 Shoals (1/4) Lair:3       Spider (1/4) Lair:2          Orc (2/2) D:11
    Elf (1/3) Orc:2        Vaults (0/5) D:14          Sewer (visited)
Ossuary (visited)           IceCv (visited)
 Depths: D:15

Altars:
Ashenzari
Cheibriados
Dithmenos
Elyvilon
Fedhas
Gozag
Hepliaklqana
Kikubaaqudgha
Makhleb
Nemelex Xobeh
Okawaru
Qazlal
Ru
Sif Muna
Trog
Uskayaw
Vehumet
Wu Jian
Xom
Yredelemnul
Zin
The Shining One

Shops:
D:4 [   D:5 !   D:6 =   Orc:1 *=[   Orc:2 *=**

Annotations:
D:3 1 exclusion
D:10 1 runed translucent door
D:11 4 runed translucent doors


Innate Abilities, Weirdness & Mutations

You have a pair of horns on your head.
You reflexively headbutt those who attack you in melee.
Your system is resistant to poisons. (rPois)
Your spells are a little harder to cast, but a little more powerful.
Potions are less effective at restoring your health.


Message History

The water nymph touches you. The water nymph drowns you!
You are held in a net!
You are held in a net!
You are held in a net!
Unknown command.
You are held in a net!
The water nymph touches you. The water nymph drowns you!
The water nymph touches you. The water nymph drowns you!
The water nymph touches you. The water nymph drowns you!
The water nymph points at you and mumbles some strange words.
The water swirls and strikes you!!
You are too injured to fight recklessly!
The water nymph casts a spell at you. The water swirls and strikes you!
The water nymph closely misses you. You furiously retaliate!
You headbutt the water nymph.
Read: 3 scrolls of fear
Press: ? - help, Q - select action, (/) - cycle Dir - look around, f - activate Look: a water nymph (chance to affect: 47%)
As you read the scroll of fear, it crumbles to dust.
You assume a fearsome visage.
The water nymph resists with almost no effort.
The merfolk looks frightened!
The water nymph resists with almost no effort.
The water nymph barely misses you. The water nymph touches you.
The water nymph drowns you!
You struggle against the net.
The water nymph touches you. The water nymph drowns you!
* * * LOW HITPOINT WARNING * * *
The water nymph casts a spell at you. The water swirls and strikes you.
You struggle against the net.
The water nymph touches you. The water nymph drowns you!
* * * LOW HITPOINT WARNING * * *
The water nymph gestures at you while chanting.
The water swirls and strikes you!
* * * LOW HITPOINT WARNING * * *
You rip the net and break free!
You block the water nymph's attack.
The water nymph points at you and mumbles some strange words.
The water swirls and strikes you!!
You die...

≈≈~~~~~~~~~~~~~~≈≈
≈≈~~~~~~(†.~~~~~≈≈≈≈≈≈≈
≈≈~~~~~.<##.~~~~≈≈≈≈~~~
≈≈~~~~~.....~~~~≈≈~~~~~
≈≈~~~~~~....~~~≈≈~~~~~.
≈≈~~~~~.....~~~~≈~~...~
≈≈≈~~~~.......~~~~....~
≈≈≈~~~..##....~~m~~..(~
≈≈≈~~~~.#......@m~.....
≈≈≈≈~~~~.~..)..........
≈≈≈≈~~~~~..............
≈≈≈≈~~~~~..............
≈≈≈≈~~~~~~.............
≈≈≈≈≈≈~~~~...........!.
≈≈≈≈≈≈~~~~.......~~....
≈≈≈≈≈≈≈≈~~.m....~~#####
~~~~~≈≈~~~~.....~##


You could see a merfolk (fleeing) and 2 water nymphs.

Vanquished Creatures
  Roxanne (Spider:1)
  Aizul (Spider:1)
  2 emperor scorpions (Spider:1)
  Louise (D:14)
  An orc warlord (Orc:2)
  An ettin (Orc:2)
  Josephine (Orc:2)
  An entropy weaver (Spider:1)
  3 vault guards
  A rakshasa (D:14)
  A hydra (Lair:3)
  An ogre mage (D:15)
  2 radroaches (Spider:1)
  3 centaur warriors
  13 two-headed ogres
  3 boulder beetles
  A tengu warrior (D:14)
  8 death yaks
  3 orc high priests (Orc:2)
  Amaemon (D:7)
  5 skeletal warriors (D:14)
  An orb spider (Spider:1)
  2 steelbarb worms (Spider:1)
  A wizard (D:14)
  A deep elf pyromancer (D:14)
  An orc knight (Orc:2)
  3 wolf spiders (Spider:1)
  Pikel (D:4)
  5 orc sorcerers (Orc:2)
  8 ugly things
  A manticore (D:11)
  4 cyclopes
  3 black mambas
  Joseph (D:7)
  3 ice statues (IceCv)
  An orange demon (D:8)
  4 torpor snails
  3 cane toads
  3 gargoyles
  3 rime drakes
  A demonic crawler (Spider:1)
  3 unseen horrors
  A freezing wraith (D:14)
  4 komodo dragons
  2 efreet
  2 ice devils (Lair:2)
  3 trolls
  A polar bear (shapeshifter) (D:13)
  A hornet (D:11)
  4 tarantellas (Spider:1)
  Grinder (D:3)
  A snapping turtle (Lair:3)
  3 dream sheep (Shoals:1)
  2 jumping spiders (Spider:1)
  5 slime creatures
  4 culicivoras (Spider:1)
  5 wraiths
  2 wyverns
  3 shadows
  The ghost of deadpool521 the Chopper, an amateur MiFi (D:3)
  8 humans
  16 yaks
  2 basilisks
  18 redbacks
  9 vampire mosquitoes
  2 steam dragons
  3 wargs (Orc:2)
  Menkaure (D:6)
  2 death yak simulacra (IceCv)
  A harpy simulacrum (IceCv)
  Edmund (D:5)
  An acid dragon (D:11)
  Duvessa (D:4)
  A hydra simulacrum (IceCv)
  8 water moccasins
  A meliai simulacrum (D:14)
  29 orc warriors
  2 ice beasts
  2 black bears
  A sky beast (D:7)
  7 wolves
  5 ogres
  2 phantoms
  8 centaurs
  7 kobold brigands
  3 lemures (D:4)
  4 gnoll sergeants
  2 necrophages (D:6)
  A cane toad simulacrum (IceCv)
  3 scorpions
  A wyvern zombie (D:6)
  4 bullfrogs
  3 water moccasin zombies (Ossuary)
  14 wights
  Dowan (D:4)
  9 killer bees
  An elephant simulacrum (IceCv)
  A howler monkey (D:7)
  2 electric eels (D:10)
  4 bullfrog zombies (D:6)
  19 orc priests
  A human zombie (D:6)
  3 hounds
  5 iguanas
  2 jellies
  A gnoll bouda (D:8)
  A sleepcap (D:8)
  Terence (D:2)
  34 orc wizards
  Natasha (thrice) (D:2)
  A statue (D:10)
  A polar bear simulacrum (IceCv)
  A killer bee zombie (D:6)
  4 mummies
  30 gnolls
  12 adders
  2 river rats (Sewer)
  2 shadow imps (D:7)
  3 white imps
  An ufetubus (D:5)
  4 adder zombies (Ossuary)
  5 worms
  69 orcs
  8 endoplasms
  7 giant cockroaches
  15 goblins
  9 hobgoblins
  3 jackals (D:3)
  6 quokkas
  14 ball pythons
  3 bats (D:1)
  2 frilled lizards
  7 gnoll zombies (Ossuary)
  4 hobgoblin zombies (Ossuary)
  12 kobolds
  5 kobold zombies (Ossuary)
  10 orc zombies
  12 rats
  A butterfly (D:8)
666 creatures vanquished.

Vanquished Creatures (others)
  An ugly thing (IceCv)
  A culicivora (Spider:1)
  A human (D:14)
  A gnoll (Orc:2)
  16 fungi
  5 plants (Lair:3)
  5 toadstools (D:15)
30 creatures vanquished.

Grand Total: 696 creatures vanquished

Notes
Turn   | Place    | Note
-------+----------+-------------------------------------------
     0 | D:1      | deadpool521 the Minotaur Fighter began the quest for the
                  | Orb.
     0 | D:1      | Reached XP level 1. HP: 19/19 MP: 0/0
   120 | D:1      | Reached XP level 2. HP: 24/27 MP: 1/1
   297 | D:1      | Reached skill level 3 in Axes
   432 | D:1      | Found a faded altar of an unknown god.
   612 | D:2      | Noticed Natasha
   615 | D:2      | Noticed a crimson imp
   621 | D:2      | Killed Natasha
   622 | D:2      | Reached XP level 3. HP: 27/33 MP: 2/2
   687 | D:2      | Noticed Terence
   698 | D:2      | Killed Terence
   699 | D:2      | Reached XP level 4. HP: 33/40 MP: 3/3
   714 | D:2      | Reached skill level 4 in Axes
   939 | D:2      | Found a sacrificial altar of Ru.
   958 | D:2      | Noticed Natasha
   962 | D:2      | Killed Natasha
  1336 | D:2      | Noticed Natasha
  1350 | D:2      | Killed Natasha
  1351 | D:2      | Reached XP level 5. HP: 45/47 MP: 4/4
  2102 | D:3      | Noticed Grinder
  2114 | D:3      | Paralysed by Grinder for 2 turns
  2122 | D:3      | Paralysed by Grinder for 4 turns
  2129 | D:3      | Paralysed by Grinder for 3 turns
  2133 | D:3      | Killed Grinder
  2134 | D:3      | Reached skill level 5 in Fighting
  2134 | D:3      | Reached skill level 5 in Axes
  2134 | D:3      | Reached skill level 5 in Armour
  2134 | D:3      | Reached skill level 5 in Shields
  2134 | D:3      | Reached XP level 6. HP: 32/56 MP: 5/5
  2322 | D:3      | Found a runed translucent door.
  2322 | D:3      | Noticed deadpool521's ghost (amateur MiFi)
  2844 | D:3      | Killed deadpool521's ghost
  2845 | D:3      | Reached skill level 6 in Axes
  2845 | D:3      | Reached XP level 7. HP: 46/61 MP: 6/6
  2939 | D:4      | Identified a scroll of acquirement
  2986 | D:4      | Noticed Pikel
  2997 | D:4      | Paralysed by Pikel for 4 turns
  3004 | D:4      | Killed Pikel
  3005 | D:4      | Reached skill level 7 in Axes
  3005 | D:4      | Reached XP level 8. HP: 59/70 MP: 7/7
  3033 | D:4      | Found a sand-covered staircase.
  3040 | Ossuary  | Entered an ossuary
  3123 | Ossuary  | Reached skill level 8 in Axes
  3407 | D:4      | Found an ancient bone altar of Kikubaaqudgha.
  3473 | D:4      | Found a glowing drain.
  3488 | Sewer    | Entered a sewer
  4007 | Sewer    | Reached skill level 9 in Axes
  4190 | D:4      | Reached XP level 9. HP: 51/79 MP: 8/8
  4246 | D:4      | Noticed Dowan
  4255 | D:4      | Killed Dowan
  4574 | D:4      | Found Saona Cong's Armour Boutique.
  4582 | D:4      | Noticed Duvessa
  4596 | D:4      | Killed Duvessa
  4863 | D:5      | Entered Level 5 of the Dungeon
  4895 | D:5      | Found a staircase to the Ecumenical Temple.
  4915 | Temple   | Entered the Ecumenical Temple
  5096 | Temple   | Became a worshipper of Warmaster Okawaru
  5191 | D:5      | Noticed Edmund
  5202 | D:5      | Killed Edmund
  5438 | D:5      | Found Vogilloq's Distillery.
  5472 | D:5      | Found a sacrificial altar of Ru.
  5508 | D:5      | Found a burning altar of Makhleb.
  5581 | D:5      | Found an ornate altar of the Wu Jian Council.
  5941 | D:6      | Reached skill level 10 in Axes
  6362 | D:6      | Found a basalt altar of Yredelemnul.
  6402 | D:6      | Reached * piety under Okawaru
  6594 | D:6      | Noticed Menkaure
  6610 | D:6      | Killed Menkaure
  6640 | D:6      | Found Ohicel's Jewellery Emporium.
  7008 | D:7      | Noticed Joseph
  7019 | D:7      | Killed Joseph
  7020 | D:7      | Reached skill level 11 in Axes
  7177 | D:7      | Reached XP level 10. HP: 64/90 MP: 9/9
  7276 | D:7      | Found a snail-covered altar of Cheibriados.
  7305 | D:7      | Noticed a two-headed ogre
  7327 | D:7      | Killed a two-headed ogre
  7327 | D:7      | Reached ** piety under Okawaru
  7352 | D:7      | Identified the +0 rapier "Edar" {drain, Fragile rF+++ rN++
                  | Will-}
  7776 | D:7      | Noticed a green ugly thing
  7813 | D:7      | Reached skill level 12 in Axes
  7854 | D:7      | Reached *** piety under Okawaru
  7877 | D:7      | Killed a green ugly thing
  8092 | D:7      | Identified the +7 broad axe "Qoregyon" {drain, +Blink}
  8365 | D:8      | Noticed a two-headed ogre
  8388 | D:8      | Killed a two-headed ogre
  8504 | D:8      | Found an opulent altar of Gozag.
  8524 | D:8      | Found a shimmering altar of Xom.
  8555 | D:8      | Noticed an orange demon
  8556 | D:8      | Noticed Amaemon
  8589 | D:7      | Killed Amaemon
  8589 | D:7      | Reached **** piety under Okawaru
  8590 | D:7      | Reached XP level 11. HP: 54/99 MP: 10/10
  8716 | D:8      | Reached skill level 13 in Axes
  8931 | D:8      | Reached skill level 10 in Armour
  8965 | D:8      | Reached skill level 10 in Fighting
  9138 | D:9      | Reached skill level 10 in Shields
  9224 | D:9      | Found a bloodstained altar of Trog.
  9306 | D:9      | Noticed a two-headed ogre
  9339 | D:9      | Killed a two-headed ogre
  9364 | D:9      | Found a staircase to the Lair.
  9680 | D:9      | Found a glowing golden altar of the Shining One.
  9887 | D:10     | Entered Level 10 of the Dungeon
  9927 | D:10     | Reached ***** piety under Okawaru
 10090 | D:10     | Reached skill level 14 in Axes
 10095 | D:10     | Found a radiant altar of Vehumet.
 10238 | D:10     | Noticed a two-headed ogre
 10245 | D:10     | Killed a two-headed ogre
 10245 | D:10     | Identified the +10 hand crossbow "Elaaf" {penet, Int+5}
                  | (Okawaru gifted it to you on level 10 of the Dungeon)
 10245 | D:10     | Received a gift from Okawaru
 10269 | D:10     | Found a white marble altar of Elyvilon.
 10314 | D:9      | HP: 3/101 [poisoned by a gnoll sergeant]
 10440 | D:10     | Found a flagged portal.
 10593 | D:10     | Found a runed translucent door.
 10593 | D:10     | Noticed a two-headed ogre
 10598 | D:10     | Killed a two-headed ogre
 10611 | D:10     | Noticed a green ugly thing
 10614 | D:10     | Noticed a two-headed ogre
 10865 | D:11     | Acquired a manual of Axes
 10993 | D:11     | Found a huge runed translucent gate.
 10993 | D:11     | Found a huge runed translucent gate.
 10993 | D:11     | Found a huge runed translucent gate.
 10993 | D:11     | Found a huge runed translucent gate.
 10993 | D:11     | Noticed a death yak
 11045 | D:11     | Reached skill level 15 in Axes
 11088 | D:11     | Received a gift from Okawaru
 11089 | D:11     | Reached XP level 12. HP: 110/110 MP: 11/11
 11165 | D:11     | Identified the +3 whip "Keyn" {vamp, rPois rCorr Int-3}
 11212 | D:11     | Noticed a two-headed ogre
 11217 | D:11     | Killed a two-headed ogre
 11547 | D:11     | Found a staircase to the Orcish Mines.
 11620 | D:11     | Gained mutation: You expend magic power (3 MP) to
                  | strengthen your wands. [potion of mutation]
 11620 | D:11     | Gained mutation: Your spells are a little harder to cast,
                  | but a little more powerful. [potion of mutation]
 11620 | D:11     | Gained mutation: You have a pair of large horns on your
                  | head. [potion of mutation]
 11620 | D:11     | Gained mutation: Your flesh is cold resistant. (rC+)
                  | [potion of mutation]
 11621 | D:11     | Lost mutation: You expend magic power (3 MP) to strengthen
                  | your wands. [potion of mutation]
 11621 | D:11     | Lost mutation: You have a pair of large horns on your head.
                  | [potion of mutation]
 11621 | D:11     | Lost mutation: Your flesh is cold resistant. (rC+) [potion
                  | of mutation]
 11621 | D:11     | Gained mutation: Your system is resistant to poisons.
                  | (rPois) [potion of mutation]
 11717 | D:12     | Identified the +2 ring mail of Bitaquq {rF+}
 11718 | D:12     | Upgraded the game from 0.30-a0-920-g7493c07aab to
                  | 0.30-a0-924-g0ad0bf95bc
 11927 | D:12     | Noticed a boulder beetle
 11931 | D:12     | Killed a boulder beetle
 11932 | D:12     | Reached skill level 16 in Axes
 12559 | D:1      | You fall into a shaft and drop 1 floor!
 13199 | D:13     | Received a gift from Okawaru
 13385 | D:13     | Identified the +2 scale mail "Hobrem" {rElec Regen+}
 13434 | D:13     | Noticed a centaur warrior
 13450 | D:13     | Killed a centaur warrior
 13451 | D:13     | Reached skill level 17 in Axes
 13793 | D:13     | Noticed a two-headed ogre
 13795 | D:13     | Found a blossoming altar of Fedhas.
 13803 | D:13     | Killed a two-headed ogre
 13923 | D:13     | Noticed a two-headed ogre
 13929 | D:13     | Killed a two-headed ogre
 14027 | D:13     | Noticed a centaur warrior
 14037 | D:13     | Killed a centaur warrior
 14038 | D:13     | Reached skill level 18 in Axes
 14308 | D:14     | Noticed a vault guard
 14308 | D:14     | Noticed a vault guard
 14319 | D:13     | Killed a vault guard
 14319 | D:13     | Received a gift from Okawaru
 14328 | D:13     | Reached XP level 13. HP: 111/119 MP: 12/12
 14363 | D:14     | Found the +11 plutonium sword {Contam Stlth-}
 14376 | D:14     | Identified the +0 plate armour of Taoclo {rF++ rCorr Int+2}
 14392 | D:14     | Found a gate to the Vaults.
 14515 | D:14     | Reached ****** piety under Okawaru
 14660 | D:14     | Received a gift from Okawaru
 15460 | D:15     | Entered Level 15 of the Dungeon
 15499 | D:15     | Noticed Louise
 15672 | D:14     | Killed Louise
 15697 | D:15     | Paralysed by an ogre mage for 4 turns
 15841 | D:15     | Paralysed by something for 4 turns
 16035 | Orc:1    | Entered Level 1 of the Orcish Mines
 16280 | Orc:2    | Entered Level 2 of the Orcish Mines
 16289 | Orc:2    | Received a gift from Okawaru
 16418 | Orc:2    | Reached XP level 14. HP: 81/133 MP: 13/13
 16726 | Orc:2    | Found Sotamonk's General Store.
 16726 | Orc:2    | Found Qedurar's General Store.
 16726 | Orc:2    | Found Essit's General Store.
 16752 | Orc:2    | Found Ziejonon's Jewellery Shoppe.
 16784 | Orc:2    | Found a staircase to the Elven Halls.
 16786 | Orc:2    | Noticed an orc warlord
 16831 | Orc:2    | Identified the +2 robe of Qauzim {Contam +Blink rN++ Dex+2}
                  | (Okawaru gifted it to you on level 2 of the Orcish Mines)
 16831 | Orc:2    | Received a gift from Okawaru
 16862 | Orc:2    | Killed an orc warlord
 16863 | Orc:2    | Reached skill level 15 in Armour
 16986 | Orc:2    | Reached skill level 15 in Fighting
 17072 | Orc:2    | Reached skill level 15 in Shields
 17073 | Orc:2    | Noticed Josephine
 17081 | Elf:1    | Entered Level 1 of the Elven Halls
 17091 | Orc:2    | Killed Josephine
 17304 | Orc:1    | Found Difusy's General Store.
 17386 | Orc:1    | Found Cyagiotu's Jewellery Shoppe.
 17391 | Orc:1    | Bought the amulet of Xualac {rN+ Will+ Regen+} for 608 gold
                  | pieces
 17423 | Orc:1    | Found Odoiczem's Armour Emporium.
 17733 | Lair:1   | Entered Level 1 of the Lair of Beasts
 18098 | Lair:1   | Found a snail-covered altar of Cheibriados.
 18512 | Lair:2   | Found a hole to the Spider Nest.
 18935 | Lair:2   | Found a frozen archway.
 18955 | IceCv    | Entered an ice cave
 19726 | Spider:1 | Entered Level 1 of the Spider Nest
 19835 | Spider:1 | Identified Roxanne's Papyrus of Sculpting
 19835 | Spider:1 | Noticed Roxanne
 19845 | Spider:1 | Noticed an emperor scorpion
 19859 | Spider:1 | Killed Roxanne
 19863 | Spider:1 | Killed an emperor scorpion
 19925 | Spider:1 | Noticed an emperor scorpion
 19938 | Spider:1 | Killed an emperor scorpion
 19978 | Spider:1 | Identified the +6 battleaxe "Annied" {antimagic, rF- Dex+5}
 20042 | Spider:1 | Received a gift from Okawaru
 20057 | Spider:1 | Gained mutation: Potions are less effective at restoring
                  | your health. [mutagenic glow]
 20064 | Spider:1 | Noticed Aizul
 20075 | Spider:1 | Killed Aizul
 20183 | Spider:1 | Reached XP level 15. HP: 143/145 MP: 14/14
 21020 | Lair:3   | Found a staircase to the Shoals.
 21033 | Shoals:1 | Entered Level 1 of the Shoals
 21083 | Shoals:1 | Killed from afar by a water nymph

Illustrated notes

Levels and vault maps discovered:
D:1:      matt_arrival_refuge, layout_rooms, ebering_ecumenical_altar_rust,
          minmay_tripent
D:2:      layout_basic, basic_altar, nicolae_half_adder, uniq_terence,
          uniq_natasha
D:3:      cheibrodos_greedy_goblins, layout_rooms,
          hellmonk_ghost_happy_afterlife, uniq_grinder
D:4:      minmay_door_path, layout_basic, lemuel_doored_altar,
          portal_sewer_entry_a, serial_shops, kennysheep_mini,
          nicolae_ossuary_entry_giza, chequers_serial_rivers_micro_c,
          columned_hall_lemuel, nrook_campfire, minmay_liquid_box, uniq_duvessa,
          uniq_pikel
D:5:      layout_loops_ring, nicolae_wu_jian_wuxing_cycle, bloody_makhleb,
          hangedman_ru_absence, minmay_temple_entry_wispy, serial_shops, shop,
          kennysheep_generic_room_14, uniq_edmund
D:6:      layout_basic, lemuel_mausoleum_altar_yredelemnul,
          serial_co_window_serial, co_window_of_opportunity_a,
          co_window_paths_a, co_window_corner_a, co_window_paths_a,
          co_window_corner_a, co_window_corner_a, co_window_paths_b,
          co_window_paths_a, co_window_of_opportunity_a,
          co_window_of_opportunity_c, co_window_of_opportunity_c,
          co_window_unsneaky_path_b, co_window_unsneaky_path_a,
          co_window_broadway_a, co_window_paths_d, glass_columns_c,
          glass_columns_c, glass_columns_a, glass_columns_b, serial_shops, shop,
          uniq_menkaure
D:7:      minmay_bubble_buster, layout_loops_ring, mainiacjoe_overflow_alcove_1,
          hangedman_minor_gate_pass, uniq_joseph
D:8:      layout_loops_ring, grunt_gozag_breadcrumbs, xom_butterflies,
          uniq_amaemon
D:9:      layout_loops_ring, tso_altar, mainiacjoe_overflow_24_doors,
          lair_entry_dummy
D:10:     layout_rooms, mainiacjoe_overflow_six_doors_small, vehumet_statue,
          enter_bailey_6, minmay_st_funbox, hive_lemuel
D:11:     lemuel_bear_cage, layout_loops_cross, orc_0_dummy
D:12:     layout_loops_cross
D:13:     layout_loops_corners, fedhas_ov_isle_minmay
D:14:     layout_stronghold, ximxim_vaults_locker_room
D:15:     gammafunk_depths_entry_grave, layout_long_grid, nicolae_wwwww,
          hangedman_weighted_door, minmay_gold_behind_fungi, minmay_microvault,
          uniq_louise
Temple:   chequers_temple_sunken
Lair:1:   layout_hall_layers, kennysheep_snail_temple
Lair:2:   layout_regular_city, spider_nest_entry_a,
          portal_ice_cave_demonic_guard
Lair:3:   layout_roguey, minmay_shoals_entry_hut,
          nicolae_volcano_entry_lava_flow
Shoals:1: layout_shoals, ebering_ghost_davey_jones, hangedman_shoal_volcano
Spider:1: layout_spider_delve, hellmonk_test_site, uniq_aizul, uniq_roxanne
Orc:1:    layout_diamond_mine, serial_shops, shop, nicolae_diamond_shop,
          nicolae_shop_hallway_plus, shop, uniq_maurice
Orc:2:    st_orc_mages, layout_caves, gauntlet_entry_generic, uniq_josephine
Elf:1:    eino_elf_arrival_sip, layout_loops_corners,
          hangedman_elven_crosses_minicolossus, eino_tiny_chamber

Skill      XL: |  1  2  3  4  5  6  7  8  9 10 11 12 13 14 |
---------------+-------------------------------------------+-----
Axes           | 3 4 5 6 7 9 11 12 15 18 | 18.0
Fighting       | 4 5 6 7 8 9 11 12 14 16 | 16.7
Armour         | 4 5 6 7 8 9 11 12 14 16 | 16.8
Shields        | 4 5 6 7 8 9 11 12 14 16 | 16.7

Action                     |  1- 3 |  4- 6 |  7- 9 | 10-12 | 13-15 || total
---------------------------+-------+-------+-------+-------+-------++-------
  Melee: War axe           |    51 |   103 |   444 |   158 |       ||   756
         Headbutt          |     4 |    13 |    87 |   115 |   189 ||   408
         Unarmed           |       |     8 |       |       |       ||     8
         Broad axe         |       |       |       |   411 |   804 ||  1215
   Fire: Hand crossbow     |       |       |       |     5 |       ||     5
  Evoke: Wand              |       |       |       |       |     2 ||     2
    Use: Potion            |       |     1 |     3 |     7 |     2 ||    13
         Scroll            |       |       |    23 |     6 |     8 ||    37
 Armour: Scale mail        |    32 |    50 |   173 |   302 |     8 ||   565
         Plate armour      |       |       |       |       |   359 ||   359
  Dodge: Dodged            |    25 |    43 |   158 |   174 |   216 ||   616
  Block: Buckler           |    21 |    28 |   106 |    93 |       ||   248
         Kite shield       |       |       |       |   116 |   533 ||   649

Table legend: (Time is in decaauts)
 A = Elapsed time spent in this place.
 B = Non-inter-level travel time spent in this place.
 C = Inter-level travel time spent in this place.
 D = Time resting spent in this place.
 E = Time spent auto-exploring this place.
 F = Levels seen in this place.
 G = Mean time per level.
                   A        B        C        D        E       F      G
               +--------+--------+--------+--------+--------+-----+--------+
         Total |  21264 |  18916 |   2348 |    966 |  13422 |  27 |  787.6 |
       Dungeon |  15249 |  13371 |   1878 |    692 |   9875 |  15 | 1016.6 |
        Temple |    251 |    211 |     40 |      0 |    203 |   1 |  251.0 |
          Lair |   1805 |   1692 |    113 |      0 |   1362 |   3 |  601.7 |
        Shoals |     50 |     50 |      0 |      0 |     21 |   1 |   50.0 |
   Spider Nest |   1025 |    950 |     75 |     63 |    676 |   1 | 1025.0 |
  Orcish Mines |   1476 |   1236 |    240 |     71 |    639 |   2 |  738.0 |
   Elven Halls |      5 |      5 |      0 |      0 |      0 |   1 |    5.0 |
         Sewer |    785 |    785 |      0 |     30 |    483 |   1 |  785.0 |
       Ossuary |    199 |    199 |      0 |      0 |     75 |   1 |  199.0 |
      Ice Cave |    416 |    416 |      0 |    110 |     86 |   1 |  416.0 |
               +--------+--------+--------+--------+--------+-----+--------+

Top non-repeatable levels by time:
     D:2: 1668 daAuts
     D:7: 1434 daAuts
    D:14: 1409 daAuts
     D:4: 1284 daAuts
     D:6: 1182 daAuts
    D:13: 1160 daAuts
     D:5: 1042 daAuts
Spider:1: 1025 daAuts
    D:11: 1016 daAuts
     D:9: 968 daAuts
    D:10: 895 daAuts
     D:3: 880 daAuts
  Lair:2: 809 daAuts
   Orc:2: 797 daAuts
     D:8: 786 daAuts
